 Seeded DCSS version 0.30.1-11-g7821555f0a (webtiles) character file.

Game seed: 5129858224507802926 (custom seed)

21321 Psyclone the Destroyer (level 12, -5/82 HPs)
             Began as a Deep Elf Conjurer on Nov 10, 2023.
             Was an Initiate of Gozag.
             Slain by a centaur warrior simulacrum (15 damage)
             ... on level 11 of the Dungeon.
             The game lasted 00:36:33 (12847 turns).

Psyclone the Destroyer (Deep Elf Conjurer)         Turns: 12847, Time: 00:36:34

Health: -5/82      AC:  6    Str:  2    XL:     12   Next: 53%
Magic:  3/28       EV: 14    Int: 37    God:    Gozag
Gold:   681        SH:  5    Dex: 11    Spells: 16/32 levels left

rFire   . . .        D - +1 short sword (venom)
rCold   . . .        (no shield)
rNeg    . . .        y - +0 troll leather armour
rPois   .            (no helmet)
rElec   .            C - +0 cloak
rCorr   .            (no gloves)
SInv    .            j - +0 pair of boots
Will    +....        z - amulet of reflection
Stlth   ++           (no ring)
HPRegen 1.13/turn    (no ring)
MPRegen 0.21/turn

%: reflection, clarity
@: gold aura
A: clarity, clever 2, robust 1, sturdy frame 1
a: Renounce Religion, Potion Petition, Call Merchant, Bribe Branch


You were on level 11 of the Dungeon.
You worshipped Gozag.
Gozag was pleased with you.
You visited 1 branch of the dungeon, and saw 11 of its levels.
You also visited: Bailey.

You collected 956 gold pieces.
You spent 30 gold pieces at shops.
You paid 245 gold pieces to Gozag.

Inventory:

Hand Weapons
 A - a +0 short sword
 D - a +1 short sword of venom (weapon)
 F - a +3 dagger
 I - a +1 triple sword of protection
Armour
 a - a +0 robe
 j - a +0 pair of boots (worn)
 y - a +0 troll leather armour (worn)
 C - a +0 cloak (worn)
 G - a +1 robe of cold resistance
Jewellery
 w - a ring of ice
 z - an amulet of reflection (around neck)
Wands
 o - a wand of polymorph (19)
 u - a wand of light (16)
 B - a wand of iceblast (5)
 L - a wand of digging (7)
Scrolls
 d - 2 scrolls of amnesia {unknown}
 e - 2 scrolls of magic mapping {unknown}
 f - 7 scrolls of fear {unknown}
 i - 2 scrolls of vulnerability {unknown}
 l - 2 scrolls of identify {@r1}
 m - 2 scrolls of poison {unknown}
 q - a scroll of noise {unknown}
 s - 2 scrolls of butterflies
 t - a scroll of silence {!r}
 x - a scroll of fog
 J - a scroll of immolation
 K - a scroll of torment
 M - a scroll of teleportation {unknown}
Potions
 b - a potion of magic
 c - 5 potions of mutation
 g - a potion of flight
 h - 4 potions of curing
 k - 2 potions of berserk rage {unknown}
 n - 2 potions of haste {unknown}
 p - 2 potions of heal wounds
 r - a potion of attraction
 v - a potion of degeneration {unknown}
 E - a potion of brilliance {unknown}
 H - a potion of might


   Skills:
 + Level 8.7 Fighting
 - Level 8.2 Dodging
 - Level 2.4 Stealth
 - Level 10.9 Spellcasting
 - Level 13.0 Conjurations
 - Level 6.0 Hexes
 - Level 6.0 Translocations
 - Level 6.0 Transmutations


You had 16 spell levels left.
You knew the following spells:

 Your Spells              Type           Power      Damage    Failure   Level
a - Magic Dart            Conj           100%       1d8       0%          1
b - Searing Ray           Conj           100%       2d8       1%          2
d - Fulminant Prism       Conj/Hex       37%        3d17      1%          4
e - Iskenderun's Mystic   Conj/Tloc      74%        2d15      1%          4
x - Irradiate             Conj/Tmut      37%        3d24      1%          5

Your spell library contained the following spells:

 Spells                   Type           Power      Damage    Failure   Level
 Dazzling Flash           Conj/Hex       100%       N/A       1%          3
 Manifold Assault         Tloc           59%        N/A       1%          4
 Blade Hands              Tmut           29%        N/A       6%          5
 Dispersal                Tloc           29%        N/A       32%         6
 Dragon Form              Tmut           29%        N/A       87%         7
 Disjunction              Tloc           29%        N/A       100%        8


Dungeon Overview and Level Annotations

Branches:
Dungeon (11/15) Zot: 26887  Temple (0/1) D:4             Orc (0/2) D:9
 Bailey (visited)
   Lair: D:8-11

Altars:
Ashenzari
Cheibriados
Elyvilon
Fedhas
Gozag
Kikubaaqudgha
Makhleb
Nemelex Xobeh
Okawaru
Qazlal
Trog
Uskayaw
Wu Jian
Xom
The Shining One
Lugonu

Shops:
D:1 [   D:2 =![(   D:9 *

Portals:
Abyss: D:9

Annotations:
D:5 5 runed translucent doors
D:8 exclusions: downstairs and 1 more exclusion
D:9 2 runed translucent doors


Innate Abilities, Weirdness & Mutations

You possess an exceptional clarity of mind.
Your mind is very acute. (Int +8, Str/Dex -2)
You are robust. (+10% HP)
Your movements are slightly less encumbered by armour. (ER -2)


Message History

The mystic blast hits the komodo dragon.
The komodo dragon is almost dead.
The komodo dragon is knocked back by the mystic blast.
The mystic blast hits the cyclops!
You kill the cyclops!
The komodo dragon is distracted by your dazzling golden aura.
You now have 10/28 mp.
Casting: Iskenderun's Mystic Blast (mildly dangerous; 1% risk of failure)
Confirm with . or Enter, or press ? or * to list all spells.
You erupt in a blast of force!
The mystic blast hits the polar bear!
You kill the polar bear!
The mystic blast hits the centaur warrior simulacrum!
The centaur warrior simulacrum is heavily damaged.
The centaur warrior simulacrum is knocked back by the mystic blast.
The komodo dragon hisses angrily.
You now have 7/28 mp.
Things that are here:
22 gold pieces; 5 large rocks The wolf attacks as you move away!
The wolf bites you. The wolf barely misses you.
You take 1 damage, and have 40/82 hp.
The wolf attacks as you move away! You block the wolf's attack.
The komodo dragon is no longer distracted by gold.
Casting: Iskenderun's Mystic Blast (mildly dangerous; 1% risk of failure)
Confirm with . or Enter, or press ? or * to list all spells.
You erupt in a blast of force!
The mystic blast hits the wolf!
You kill the wolf!
You now have 3/28 mp.
Casting: Iskenderun's Mystic Blast (mildly dangerous; 1% risk of failure)
Confirm with . or Enter, or press ? or * to list all spells.
You don't have enough magic to cast this spell.
The centaur warrior simulacrum attacks as you move away!
The centaur warrior simulacrum hits you.
The centaur warrior simulacrum freezes you!!
* * * LOW HITPOINT WARNING * * *
The centaur warrior simulacrum kicks you.
* * * LOW HITPOINT WARNING * * *
The centaur warrior simulacrum freezes you!
You die...
Your body crumbles into a pile of gold.

.......~.......## ##
........~........#..#
........~...........#
........~$.........##
...........l$........#
......(............####
............$......#
..........Z.......##
..........@......##
...............###
..............##
.........<...##
.......(....##
...........##
..........##
........### .......##


You could see a komodo dragon and a centaur warrior simulacrum.

Vanquished Creatures
  Pikel (D:6)
  An orc knight (Bailey)
  2 cyclopes (D:11)
  Joseph (D:8)
  Maurice (D:8)
  Maggie (D:6)
  A polar bear (D:11)
  2 hornets
  A troll (D:5)
  Grinder (D:6)
  Sigmund (D:6)
  Eustachio (D:4)
  2 wraiths
  18 yaks
  Grum (D:10)
  A steam dragon (D:9)
  3 water moccasins
  12 orc warriors
  An ice beast (D:5)
  2 black bears (D:5)
  4 wolves
  4 ogres
  2 sky beasts
  A centaur (D:5)
  2 phantoms
  2 kobold brigands
  Blork the orc (D:6)
  3 gnoll sergeants
  6 scorpions
  A bullfrog (D:9)
  5 wights (D:6)
  13 killer bees
  3 troll zombies (D:9)
  2 howler monkeys (D:10)
  9 orc priests
  3 hounds (D:5)
  A jelly (D:6)
  2 sleepcaps
  4 iguanas
  9 orc wizards
  5 ogre zombies (D:9)
  19 gnolls
  9 adders
  A shadow imp (D:7)
  A white imp (D:6)
  2 ufetubi (D:5)
  A worm (D:2)
  2 dart slugs
  76 orcs
  5 bats
  8 endoplasms
  2 giant cockroaches (D:3)
  10 goblins
  7 hobgoblins
  4 quokkas
  9 ball pythons
  6 frilled lizards
  2 goblin skeletons (D:9)
  3 goblin zombies (D:9)
  A hobgoblin skeleton (D:9)
  2 hobgoblin zombies (D:9)
  13 kobolds
  3 orc skeletons (D:9)
  14 orc zombies (D:9)
  4 rats
340 creatures vanquished.

Vanquished Creatures (others)
  51 fulminant prisms
51 creatures vanquished.

Grand Total: 391 creatures vanquished

Notes
Turn   | Place    | Note
-------+----------+-------------------------------------------
     0 | D:1      | Psyclone the Deep Elf Conjurer began the quest for the Orb.
     0 | D:1      | Reached XP level 1. HP: 10/10 MP: 6/6
    80 | D:2      | Found Zutuxkoi's Jewellery Shop.
    83 | D:2      | Reached XP level 2. HP: 15/15 MP: 4/8
   100 | D:2      | Learned a level 2 spell: Searing Ray
   149 | D:2      | Gained mutation: You possess an exceptional clarity of
                  | mind. [potion of mutation]
   149 | D:2      | Gained mutation: Your movements are slightly less
                  | encumbered by armour. (ER -2) [potion of mutation]
   149 | D:2      | Gained mutation: You have hidden genetic potential. [potion
                  | of mutation]
   287 | D:2      | Found Tatheism's Distillery.
   295 | D:2      | Reached skill level 5 in Conjurations
   345 | D:2      | Found Xoolosaxt's Antique Armour Shop.
   438 | D:2      | Reached XP level 3. HP: 19/19 MP: 6/10
   451 | D:2      | Gained mutation: You are robust. (+10% HP) [hidden
                  | potential]
   621 | D:3      | Reached XP level 4. HP: 7/26 MP: 7/12
   622 | D:3      | Reached skill level 6 in Conjurations
   634 | D:3      | Gained mutation: You have great hidden genetic potential.
                  | [hidden potential]
   634 | D:3      | Lost mutation: You have great hidden genetic potential.
                  | [hidden potential expressed]
   811 | D:4      | Reached XP level 5. HP: 16/30 MP: 8/14
   813 | D:4      | Reached skill level 5 in Spellcasting
   823 | D:4      | Gained mutation: Your mind is acute. (Int +4, Str/Dex -1)
                  | [hidden potential]
   895 | D:4      | Noticed Eustachio
   910 | D:4      | Killed Eustachio
   911 | D:4      | Reached skill level 7 in Conjurations
   911 | D:4      | Reached XP level 6. HP: 33/35 MP: 5/16
   913 | D:4      | Gained mutation: Your mind is very acute. (Int +8, Str/Dex
                  | -2) [hidden potential]
   913 | D:4      | Lost mutation: You have hidden genetic potential. [hidden
                  | potential expressed]
  1466 | D:1      | Found Qair's Armour Shoppe.
  1988 | D:2      | Found Ogoraot's Weapon Shop.
  3256 | D:4      | Found a staircase to the Ecumenical Temple.
  3367 | D:4      | Found a white marble altar of Elyvilon.
  3558 | D:5      | Entered Level 5 of the Dungeon
  3559 | D:5      | Found the +9 staff of Olgreb {rPois∞}
  3565 | D:5      | Noticed a water moccasin
  3569 | D:5      | Killed a water moccasin
  3570 | D:5      | Reached skill level 8 in Conjurations
  3570 | D:5      | Reached XP level 7. HP: 28/39 MP: 12/18
  3874 | D:5      | Reached skill level 9 in Conjurations
  3881 | D:5      | Learned a level 4 spell: Fulminant Prism
  3886 | D:5      | Learned a level 4 spell: Iskenderun's Mystic Blast
  4063 | D:5      | Reached XP level 8. HP: 45/45 MP: 15/21
  4134 | D:5      | Found a snail-covered altar of Cheibriados.
  4442 | D:5      | Found a runed translucent gate.
  4447 | D:5      | Found a runed translucent door.
  4483 | D:5      | Found a runed translucent gate.
  4483 | D:5      | Found a runed translucent gate.
  4503 | D:5      | Found a runed translucent door.
  4692 | D:6      | Noticed Pikel
  4785 | D:6      | Reached skill level 10 in Conjurations
  4831 | D:6      | Reached skill level 1 in Translocations
  4836 | D:6      | Noticed Sigmund
  4842 | D:6      | Killed Sigmund
  4944 | D:6      | Reached skill level 11 in Conjurations
  4944 | D:6      | Reached XP level 9. HP: 47/49 MP: 7/24
  5019 | D:6      | Killed Pikel
  5503 | D:6      | Noticed Maggie
  5512 | D:6      | Killed Maggie
  5513 | D:6      | Reached skill level 10 in Spellcasting
  5513 | D:6      | Reached skill level 12 in Conjurations
  5872 | D:6      | Noticed Blork the orc
  5876 | D:6      | Noticed Grinder
  5877 | D:6      | Killed Blork the orc
  5878 | D:6      | Reached skill level 5 in Translocations
  5881 | D:6      | Killed Grinder
  7018 | D:7      | Reached XP level 10. HP: 54/55 MP: 16/26
  7069 | D:7      | Paralysed by a hornet for 1 turns
  7892 | D:5      | Reached skill level 13 in Conjurations
  7968 | D:5      | Reached skill level 1 in Hexes
  8078 | D:5      | Reached skill level 1 in Fighting
  8702 | D:8      | Noticed Joseph
  8716 | D:8      | Killed Joseph
  8982 | D:8      | Identified the +9 quarterstaff of Dissolution {heavy, rF+}
  9009 | D:8      | Learned a level 5 spell: Irradiate
  9173 | D:8      | Found an iron altar of Okawaru.
  9363 | D:8      | Noticed Maurice
  9370 | D:8      | Killed Maurice
  9371 | D:8      | Reached skill level 1 in Transmutations
  9633 | D:8      | Reached skill level 5 in Hexes
  9950 | D:9      | Found Baviwkeesa's Assorted Antiques.
 10145 | D:9      | Found an ancient bone altar of Kikubaaqudgha.
 10147 | D:9      | Found a glowing golden altar of the Shining One.
 10151 | D:9      | Found a sparkling altar of Nemelex Xobeh.
 10350 | D:9      | Reached XP level 11. HP: 59/66 MP: 5/27
 10360 | D:9      | Found a staircase to the Orcish Mines.
 10571 | D:9      | Found a large runed translucent door.
 10572 | D:9      | Found a large runed translucent door.
 10577 | D:9      | Found a corrupted altar of Lugonu.
 10577 | D:9      | Noticed a purple ugly thing
 10578 | D:9      | Noticed a green ugly thing
 10604 | D:9      | Found a flagged portal.
 10618 | Bailey   | Entered a bailey
 10658 | Bailey   | Reached skill level 5 in Dodging
 11094 | Bailey   | Reached XP level 12. HP: 79/79 MP: 28/28
 11338 | D:9      | Bought a scroll labelled UGAJUPNAEDI for 30 gold pieces
 11483 | D:9      | Found a one-way gate to the infinite horrors of the Abyss.
 11511 | D:9      | Identified the +11 dagger "Liel" {distort, Str+4}
 11511 | D:9      | Identified the +1 robe of Tuet {rF++ Str+3}
 11616 | D:10     | Entered Level 10 of the Dungeon
 11676 | D:10     | Found a bloodstained altar of Trog.
 11676 | D:10     | Found an opulent altar of Gozag.
 11678 | D:10     | Found a stormy altar of Qazlal.
 11678 | D:10     | Found a broken altar of Ashenzari.
 11678 | D:10     | Found a blossoming altar of Fedhas.
 11678 | D:10     | Found an ornate altar of the Wu Jian Council.
 11680 | D:10     | Found a shimmering altar of Xom.
 11680 | D:10     | Found a burning altar of Makhleb.
 11680 | D:10     | Found a hide-covered altar of Uskayaw.
 11692 | D:10     | Became a worshipper of Gozag Ym Sagoz the Greedy
 11870 | D:10     | Reached skill level 5 in Transmutations
 12743 | D:11     | Noticed Grum
 12757 | D:10     | Killed Grum
 12847 | D:11     | Slain by a centaur warrior simulacrum

Illustrated notes

Levels and vault maps discovered:
D:1:      saegor_arrival_simple_c, layout_rooms, serial_shops, shop,
          kennysheep_nondescript, minmay_misc_feat_ornament
D:2:      layout_basic, serial_shops, nicolae_shop_tiny_statue_garden,
          nicolae_shop_scrapyard, shop, shop
D:3:      layout_loops_ring
D:4:      layout_rooms, elyvilon_altar_1, minmay_temple_entry_trees,
          uniq_eustachio
D:5:      minmay_chambers_of_threes, layout_loops_ring,
          mainiacjoe_overflow_small_starburst,
          minmay_guarded_unrand_staff_of_olgreb
D:6:      layout_loops_cross, uniq_maggie, uniq_sigmund, uniq_blork_the_orc,
          uniq_grinder, uniq_pikel
D:7:      layout_basic
D:8:      layout_basic, lemuel_crystal_altar, serial_rivers,
          chequers_serial_rivers_small_b, chequers_serial_rivers_room_a,
          chequers_serial_rivers_micro_a, chequers_serial_rivers_micro_d,
          chequers_serial_rivers_micro_d, special_room [special_room_orc],
          minivault_19, minmay_misc_feat_nine_boxes, uniq_joseph, uniq_maurice
D:9:      due_chaos_kobolds, layout_rooms, minitemple, zombieorc2_lemuel,
          serial_shops, shop, enter_bailey_6
D:10:     layout_irregular_city, nicolae_overflows_in_rows
D:11:     layout_layer_cave, lair_entry_dummy, serial_ice, serial_ice_g,
          serial_ice_k, serial_ice_a, serial_ice_m, serial_ice_f, serial_ice_c,
          serial_ice_h, kennysheep_generic_room_4, uniq_lodul, uniq_grum

Skill      XL: |  1  2  3  4  5  6  7  8  9 10 11 12 |
---------------+-------------------------------------+-----
Conjurations   | 5 6 7 8 9 11 12 13 | 13.0
Spellcasting   | 4 5 6 7 9 10 | 10.9
Translocations | 3 5 6 |  6.0
Hexes          | 6 |  6.0
Fighting       | 3 7 8 |  8.7
Transmutations | 3 4 6 |  6.0
Dodging        | 4 8 |  8.2
Stealth        | |  2.4

Action                     |  1- 3 |  4- 6 |  7- 9 | 10-12 || total
---------------------------+-------+-------+-------+-------++-------
  Melee: Unarmed           |       |       |     2 |       ||     2
         Short sword       |       |       |       |    65 ||    65
         Punch             |       |       |       |     2 ||     2
   Cast: Magic Dart        |    16 |    92 |    29 |    31 ||   168
         Searing Ray       |     9 |    14 |    38 |    52 ||   113
         Fulminant Prism   |       |       |    17 |    34 ||    51
         Iskenderun's Myst |       |       |     8 |    56 ||    64
    Use: Potion            |     1 |     2 |     2 |     1 ||     6
         Scroll            |       |     1 |     2 |     3 ||     6
   Stab: Sleeping          |       |       |       |     3 ||     3
 Armour: Robe              |       |     3 |     4 |     1 ||     8
         Troll leather arm |       |       |       |    45 ||    45
  Dodge: Dodged            |     1 |     7 |    28 |   108 ||   144
  Block: Other             |       |       |       |    36 ||    36
         Reflection        |       |       |       |     3 ||     3
